 Dungeon Sprint DCSS version 0.29.1-15-g9cfb28693d (webtiles) character file.

Game seed: 10094892948771921946

124 sircluck the Trooper (level 4, -4/61 HPs)
             Began as a Demonspawn Berserker on Apr 28, 2023.
             Was a Priest of Trog.
             Killed by divine providence
             ... invoked by an orc priest
              (12 damage)
             ... in the Dungeon (Sprint VII: "The Pits").
             The game lasted 00:00:58 (138 turns).

sircluck the Trooper (Demonspawn Berserker)          Turns: 138, Time: 00:00:59

Health: -4/61      AC:  2    Str: 19    XL:     4   Next: 81%
Magic:  4/4        EV: 13    Int:  8    God:    Trog [***...]
Gold:   0          SH:  0    Dex: 17    Spells: 3/3 levels left

rFire   . . .      SeeInvis .   l - +2 mace
rCold   . . .      Faith    .   (no shield)
rNeg    . . .      Spirit   .   b - +0 animal skin
rPois   .          Reflect  .   (no helmet)
rElec   .          Harm     .   (no cloak)
rCorr   .          Rampage  .   (no gloves)
Will    .....      NoTele   +   (no boots)
Stlth   ..........              (no amulet)
HPRegen 0.20/turn               (no ring)
MPRegen 0.18/turn               (no ring)

@: berserking, very quick
A: thin skeletal structure 2, magic regeneration
a: Renounce Religion, Berserk, Trog's Hand


You were in the Dungeon.
You worshipped Trog.
Trog was most pleased with you.
You visited 1 branch

Inventory:

Hand Weapons
 a - a +0 mace
 l - a +2 mace (weapon)
Missiles
 k - 9 stones (quivered)
Armour
 b - a +0 animal skin (worn)
Scrolls
 h - a scroll of blinking
 j - a scroll of summoning
Potions
 c - a potion of curing
 d - a potion of heal wounds
 e - a potion of haste
 f - 4 potions of magic
 g - 3 potions of berserk rage
 i - 2 potions of invisibility


   Skills:
 + Level 6.5 Fighting
 + Level 6.2 Maces & Flails
 + Level 3.3 Armour
 + Level 3.3 Dodging
 + Level 0.4 Stealth


You had 3 spell levels left.
You didn't know any spells.
Your spell library was empty.

Dungeon Overview and Level Annotations

Branches:
Dungeon (1/1)

Altars:
Cheibriados
Dithmenos
Fedhas
Gozag
Hepliaklqana
Makhleb
Nemelex Xobeh
Okawaru
Qazlal
Ru
Sif Muna
Trog
Wu Jian
Xom
Yredelemnul
Jiyva


Innate Abilities, Weirdness & Mutations

You have a moderately thin skeletal structure. (Dex +4, Stealth++)
You regenerate magic rapidly.


Message History

Deactivating autopickup; reactivate with Ctrl-A.
You are confused.
A scorpion comes into view.
You see here a river rat corpse.
You bump into the metal wall.
The orc priest shouts!
You see here a +0 war axe.
You bump into the metal wall.
You bump into the metal wall.
You feel less confused. The scorpion completely misses you.
The scorpion misses you.
You see here a river rat corpse.
You hit the scorpion.
The scorpion is moderately wounded.
The scorpion stings you.
You hit the scorpion but do no damage.
The scorpion is moderately wounded.
The scorpion barely misses you.
The orc priest mumbles some strange prayers to Beogh against you.
Beogh smites you!
You closely miss the scorpion.
The scorpion is moderately wounded.
The scorpion stings you.
The orc priest mumbles some strange prayers to Beogh against you.
Beogh smites you!
* * * LOW HITPOINT WARNING * * *
A red film seems to cover your vision as you go berserk!
You feel yourself moving faster!
You feel mighty!
The gnoll shouts!
The scorpion stings you.
* * * LOW HITPOINT WARNING * * *
The scorpion stings you.
* * * LOW HITPOINT WARNING * * *
You sock the scorpion!
The scorpion is severely wounded.
The scorpion stings you!
* * * LOW HITPOINT WARNING * * *
The orc priest mumbles some strange prayers to Beogh against you.
Beogh smites you!
You die...

_______.# _______.#
_____...###########++###
##########'##..............
#.?..')))'.##......#..#....
##########.##..............
#...........'..............
#+#####'#####......#..#....
#...)@##..............
#####s#####'#####++###
#...o{##.......#
#.†...##.......#
###'####.......# ....
#...<...# o.....Z #.......#
#........##.......#
###########.......#


You could see a scorpion and an orc priest.

Vanquished Creatures
  A floating eye (D)
  2 river rats (D)
  An orc (D)
  A quokka (D)
  A frilled lizard (D)
  A giant cockroach zombie (D)
7 creatures vanquished.

Notes
Turn   | Place    | Note
-------+----------+-------------------------------------------
     0 | D        | sircluck the Demonspawn Berserker began the quest for the
                  | Orb.
     0 | D        | Reached XP level 1. HP: 18/18 MP: 1/1
    35 | D        | Noticed a floating eye
    37 | D        | Paralysed by a floating eye for 2 turns
    39 | D        | Killed a floating eye
    40 | D        | Reached skill level 5 in Maces & Flails
    40 | D        | Gained mutation: You have a somewhat thin skeletal
                  | structure. (Dex +2, Stealth+) [demonic ancestry]
    40 | D        | Reached XP level 2. HP: 28/28 MP: 2/2
    40 | D        | Gained mutation: You have a moderately thin skeletal
                  | structure. (Dex +4, Stealth++) [demonic ancestry]
    40 | D        | Reached XP level 3. HP: 34/34 MP: 3/3
    40 | D        | Gained mutation: You regenerate magic rapidly. [demonic
                  | ancestry]
    40 | D        | Reached XP level 4. HP: 40/40 MP: 4/4
    75 | D        | Found a bloodstained altar of Trog.
    75 | D        | Found a shimmering blue altar of Sif Muna.
    75 | D        | Found a viscous altar of Jiyva.
    75 | D        | Found a hazy altar of Hepliaklqana.
    75 | D        | Found an opulent altar of Gozag.
    76 | D        | Found a basalt altar of Yredelemnul.
    76 | D        | Found a shimmering altar of Xom.
    76 | D        | Found an ornate altar of the Wu Jian Council.
    76 | D        | Found a sacrificial altar of Ru.
    76 | D        | Found a stormy altar of Qazlal.
    76 | D        | Found an iron altar of Okawaru.
    76 | D        | Found a sparkling altar of Nemelex Xobeh.
    76 | D        | Found a burning altar of Makhleb.
    76 | D        | Found a blossoming altar of Fedhas.
    76 | D        | Found a shadowy altar of Dithmenos.
    76 | D        | Found a snail-covered altar of Cheibriados.
    97 | D        | Reached ** piety under Trog
   119 | D        | Reached *** piety under Trog
   128 | D        | Noticed a scorpion
   138 | D        | Killed from afar by an orc priest

Illustrated notes

Levels and vault maps discovered:
D:        pitsprint [storerooms_1, entrance_room_1, metal_vault_7, armoury_2,
          mini_pit_1, grid_room_1, main_hall_1, silver_pit, the_coven_2,
          the_vestibule_1, steel_vault_5, golden_pit, hallway_of_sentries,
          crystal_vault_4, iron_vault_1, final_vault]

Skill      XL: |  1  2  3  4 |
---------------+-------------+-----
Fighting       | 6 |  6.5
Maces & Flails | 5 6 |  6.2
Armour         | 3 |  3.3
Dodging        | 3 |  3.3
Stealth        | |  0.4

Action                   |  1- 3 |  4- 6 || total
-------------------------+-------+-------++-------
Melee: Mace              |     2 |    23 ||    25
Throw: Stone             |       |     1 ||     1
Invok: Berserk           |       |     1 ||     1
 Stab: Sleeping          |       |     3 ||     3
Armor: Animal skin       |       |     4 ||     4
Dodge: Dodged            |       |    16 ||    16
